 Dungeon Crawl Stone Soup version 0.23.2-30-g0e89c35 (webtiles) character file.

Game seed: 7971829535884370331

205 Fang the Skirmisher (level 5, -2/34 HPs)
             Began as a Gargoyle Berserker on June 7, 2019.
             Was a Believer of Trog.
             Slain by a hobgoblin
             ... wielding a +0 club
             ... led by Robin
              (7 damage)
             ... on level 2 of the Dungeon.
             The game lasted 00:00:59 (864 turns).

Fang the Skirmisher (Gargoyle Berserker)             Turns: 864, Time: 00:00:59

Health: -2/34      AC:  6    Str: 21    XL:     5   Next: 83%
Magic:  5/5        EV: 12    Int:  8    God:    Trog [**....]
Gold:   51         SH:  0    Dex:  9    Spells: 4/4 levels left

rFire    . . .     SeeInvis .   a - +0 hand axe
rCold    . . .     Gourm    .   (no shield)
rNeg     + . .     Faith    .   b - +0 animal skin
rPois    ∞         Spirit   .   (no helmet)
rElec    +         Reflect  .   (no cloak)
rCorr    .         Harm     .   (no gloves)
MR       ++...                  (no boots)
Stlth    +.........             (no amulet)
HPRegen  1.11/turn              (no ring)
MPRegen  0.09/turn              (no ring)

@: berserk cooldown, regenerating, slowed, very slow
A: negative energy resistance 1, electricity resistance, unbreathing,
petrification resistance, rot immunity, AC +4
a: Berserk, Trog's Hand, Renounce Religion


You were on level 2 of the Dungeon.
You worshipped Trog.
Trog was pleased with you.
You were very hungry.

You visited 1 branch of the dungeon, and saw 2 of its levels.

You collected 51 gold pieces.

Inventory:

Hand Weapons
 a - a +0 hand axe (weapon)
Armour
 b - a +0 animal skin (worn)
Jewellery
 h - an uncursed ring of positive energy {unknown}
Scrolls
 d - a scroll of magic mapping {unknown}
 i - a scroll of identify {unknown}
 j - a scroll of random uselessness {unknown}
Potions
 e - 2 potions of curing {unknown}
 f - 2 potions of flight {unknown}
Comestibles
 c - a ration


   Skills:
 + Level 4.4 Fighting
 + Level 3.6 Axes
 + Level 3.7 Armour
 + Level 2.7 Dodging


You had 4 spell levels left.
You didn't know any spells.
Your spell library was empty.

Dungeon Overview and Level Annotations

Branches:
Dungeon (2/15)

Altars:

Annotations:
D:2 Robin


Innate Abilities, Weirdness & Mutations

You are resistant to torment.
Your stone body is resilient. (AC +4)
You are immune to poison.
You resist negative energy. (rN+)
You are resistant to electric shocks. (rElec)
You can survive without breathing.
You are immune to petrification.
You are immune to rotting.


Message History

You hit the hobgoblin.
The hobgoblin is moderately wounded.
You hit Robin but do no damage. You hit the hobgoblin.
You closely miss the hobgoblin. You hit the hobgoblin.
You kill the hobgoblin!
Trog accepts your kill. The hobgoblin barely misses you. x3
Robin's horned helmet rattles.
Robin hits you with a +0 whip.
* * * LOW HITPOINT WARNING * * *
The hobgoblin closely misses you.
You closely miss the hobgoblin.
The hobgoblin is moderately wounded.
You hit Robin. You hit the hobgoblin.
You kill the hobgoblin!
Trog accepts your kill.
You closely miss the hobgoblin. The hobgoblin hits you with a +0 club.
* * * LOW HITPOINT WARNING * * *
Robin barely misses you. The hobgoblin hits you with a +0 club!
You die...

# #. #.##+###+####
#.....g.(...# #
#.....)@g...# ..#
#...$.g))..†##....#
#..................
#..........))......
#.#########........
#. #........ #
#...$.... ######..$
...


You could see Robin and 2 hobgoblins.

Vanquished Creatures
  Sigmund (D:2)
  3 dart slugs (D:1)
  2 leopard geckos (D:1)
  10 goblins
  7 hobgoblins
  4 kobolds
  5 bats (D:1)
  A frilled lizard (D:1)
  4 rats (D:1)
37 creatures vanquished.

Notes
Turn   | Place    | Note
-------+----------+-------------------------------------------
     0 | D:1      | Fang the Gargoyle Berserker began the quest for the Orb.
     0 | D:1      | Reached XP level 1. HP: 14/14 MP: 1/1
   140 | D:1      | Reached XP level 2. HP: 19/19 MP: 2/2
   490 | D:1      | Reached XP level 3. HP: 17/23 MP: 3/3
   825 | D:2      | Reached ** piety under Trog
   825 | D:2      | Noticed Sigmund
   842 | D:2      | HP: 1/36 [Sigmund/puff of flame (7)]
   843 | D:2      | Killed Sigmund
   843 | D:2      | Reached skill level 4 in Fighting
   843 | D:2      | Reached XP level 4. HP: 1/30 MP: 4/4
   843 | D:2      | Reached XP level 5. HP: 1/34 MP: 5/5
   848 | D:2      | Noticed Robin
   864 | D:2      | Slain by a hobgoblin

Skill      XL: |  1  2  3 |
---------------+----------+-----
Axes           | 3 |  3.6
Dodging        | 2 |  2.7
Fighting       | 4 |  4.4
Armour         | 3 |  3.7

Action                   |  1- 3 |  4- 6 || total
-------------------------+-------+-------++-------
Melee: Hand axe          |    93 |     4 ||    97
Invok: Berserk           |     1 |       ||     1
       Trog's Hand       |       |     1 ||     1
 Stab: Sleeping          |     1 |       ||     1
Armor: Animal skin       |    28 |     9 ||    37
Dodge: Dodged            |    66 |    24 ||    90
